 Dungeon Crawl Stone Soup version bcrawl-1.12-8-g964540c432 (webtiles) character file.

Game seed: 4836482913127286820

347 MisterOstroum the Scratcher (level 6, -1/34 HPs)
             Began as a Felid Transmuter on June 9, 2019.
             Slain by a sky beast (5 damage)
             ... on level 5 of the Dungeon.
             The game lasted 00:24:02 (7177 turns).

MisterOstroum the Scratcher (Felid Transmuter)      Turns: 7177, Time: 00:24:03

Health: -1/34      AC:  2    Str:  7    XL:     6   Next: 59%
Magic:  10/11      EV: 19    Int: 15    God:
Gold:   338        SH:  0    Dex: 17    Spells: 0/11 levels left
                                        Lives:  0   Deaths: 1

rFire    . . .     SeeInvis +     - Unarmed
rCold    . . .     Gourm    .   (shield unavailable)
rNeg     . . .     Faith    .   (armour unavailable)
rPois    .         Spirit   .   (helmet unavailable)
rElec    .         Reflect  .   (cloak restricted)
rCorr    .         Harm     .   (gloves unavailable)
MR       .....                  (boots unavailable)
Stlth    ++........             (no amulet)
HPRegen  0.00/turn              (no ring)
MPRegen  0.12/turn              (no ring)

@: quick
A: very small, no armour, no weapons or thrown items, stealth, claws 1, fangs 3,
see invisible, blink, carnivore, speed 1, mutation resistance 1, shaggy fur 2,
inhibited regeneration, slow metabolism 1, sharp paws
a: Blink


You were on level 5 of the Dungeon.
You were not hungry.

You visited 1 branch of the dungeon, and saw 5 of its levels.

You collected 338 gold pieces.

Inventory:

Missiles
 a - 88 arrows
Scrolls
 b - 2 scrolls of identify {@r1}
 d - a scroll of remove curse {@r2}
 h - a scroll of noise {unknown}
 i - a scroll of amnesia {unknown}
 j - 2 scrolls of teleportation {unknown}
 l - a scroll of fog {unknown}
 m - 2 scrolls of enchant weapon {unknown}
Potions
 c - a potion of lignification {@q6}
 f - a potion of brilliance
 k - 2 potions of curing {@q1 !q}
 n - 2 potions of magic
 o - a potion of cancellation {unknown}
 p - a potion of heal wounds {@q2 !q}
Comestibles
 e - 8 rations {!d}


   Skills:
 * Level 4.4 Fighting
 - Level 4.0 Dodging
 - Level 5.0 Unarmed Combat
 + Level 3.3 Spellcasting
 + Level 4.0 Transmutations
 - Level 1.2 Poison Magic


You couldn't memorise any spells.
You knew the following spells:

 Your Spells              Type           Power        Failure   Level  Hunger
a - Beastly Appendage     Tmut           ##....       3%          1    #......
b - Sticks to Snakes      Tmut           ##......     6%          2    ##.....
c - Spider Form           Tmut/Pois      ##........   21%         3    ###....
d - Blade Hands           Tmut           ##........   71%         5    ######.

Your spell library contained the following spells:

 Spells                   Type           Power        Failure   Level  Hunger
 Magic Dart               Conj           #...         21%         1    #......
 Slow                     Hex            #.......     21%         1    #......
 Blink                    Tloc           N/A          30%         2    ##.....
 Call Imp                 Summ           #.......     30%         2    ##.....
 Mephitic Cloud           Conj/Pois/Air  #.......     43%         3    ###....
 Conjure Flame            Conj/Fire      #.......     52%         3    ###....
 Ice Form                 Ice/Tmut       #.......     65%         4    #####..


Dungeon Overview and Level Annotations

Branches:
Dungeon (5/12)
 Temple: D:4-7

Altars:
Ashenzari
Dithmenos

Shops:
D:5 (

Annotations:
D:2 exclusion: door, Crazy Yiuf
D:4 1 runed translucent door, exclusion: orc priest


Innate Abilities, Weirdness & Mutations

You cannot wear almost all types of armour.
You are incapable of wielding weapons or throwing items.
Your paws allow you to move quietly. (Stealth)
You have sharp claws.
You have razor-sharp teeth.
You have supernaturally acute eyesight. (SInv)
You are carnivorous and can eat meat at any time.
You cover ground quickly.
You are covered in thick fur. (AC +2)
You have a slow metabolism.
Your sharp claws are effective at attacking unaware monsters.
You can translocate small distances at will.
You are somewhat resistant to further mutation.
You do not regenerate when monsters are visible.


Message History

Casting: Sticks to Snakes (safe; 6% risk of failure)
Confirm with . or Enter, or press ? or * to list all spells.
You create a snake!
You now have arrows for 10 snakes.
Your ball python misses the sky beast.
Your ball python bites the sky beast but does no damage.
Your ball python barely misses the sky beast.
Your ball python closely misses the sky beast.
You barely miss the sky beast.
The sky beast hits you but does no damage.
Your ball python closely misses the sky beast.
Your ball python bites the sky beast but does no damage.
You scratch the sky beast.
The sky beast is lightly wounded.
The sky beast completely misses you.
Your ball python bites the sky beast but does no damage.
Your ball python bites the sky beast.
You scratch the sky beast.
The sky beast is moderately wounded.
The sky beast barely misses you.
Your ball python closely misses the sky beast. x2
You scratch the sky beast but do no damage.
The sky beast is moderately wounded.
Your ball python misses the sky beast.
The sky beast hits you but does no damage.
Your ball python bites the sky beast but does no damage.
You closely miss the sky beast.
The sky beast is moderately wounded.
Your ball python bites the sky beast but does no damage.
Your ball python misses the sky beast.
The sky beast barely misses you.
You scratch the sky beast. Your bite misses the sky beast.
The sky beast is heavily wounded.
Your ball python barely misses the sky beast.
Your ball python bites the sky beast.
You closely miss the sky beast.
The sky beast is heavily wounded.
The sky beast hits you. The sky beast shocks you.
Your ball python bites the sky beast but does no damage. x2
You scratch the sky beast.
The sky beast is severely wounded.
The sky beast hits you. The sky beast shocks you.
Your ball python completely misses the sky beast.
Your ball python barely misses the sky beast.
You scratch the sky beast.
The sky beast is severely wounded.
Your ball python bites the sky beast.
The sky beast hits your ball python. The sky beast shocks your ball python.
Your ball python dies!
Your ball python closely misses the sky beast.
You closely miss the sky beast.
The sky beast is severely wounded.
Your ball python bites the sky beast.
The sky beast hits you. The sky beast shocks you.
* * * LOW HITPOINT WARNING * * *
Your ball python closely misses the sky beast.
The sky beast flickers out of sight for a moment.
There is a stone staircase leading up here.
Your ball python barely misses the sky beast.
Your ball python closely misses the sky beast.
Casting: Sticks to Snakes (safe; 6% risk of failure)
Confirm with . or Enter, or press ? or * to list all spells.
You create a snake!
You now have arrows for 9 snakes.
You swap places.
Your adder barely misses the sky beast.
The sky beast misses your adder.
Your adder misses the sky beast.
Your ball python closely misses the sky beast.
Your adder barely misses the sky beast.
The sky beast hits your adder. The sky beast shocks your adder.
Your ball python bites the sky beast but does no damage.
Your adder barely misses the sky beast.
The sky beast hits your adder.
Your adder dies!
Your ball python closely misses the sky beast.
Your ball python bites the sky beast but does no damage.
The sky beast hits your ball python.
Your ball python dies!
Casting: Sticks to Snakes (safe; 6% risk of failure)
Confirm with . or Enter, or press ? or * to list all spells.
Okay, then.
Casting: Sticks to Snakes (safe; 6% risk of failure)
Confirm with . or Enter, or press ? or * to list all spells.
Okay, then.
There is a stone staircase leading up here.
You aren't carrying any items that you can evoke.
Casting: Sticks to Snakes (safe; 6% risk of failure)
Confirm with . or Enter, or press ? or * to list all spells.
You create a snake!
You now have arrows for 8 snakes.
You swap places.
Your ball python closely misses the sky beast.
The sky beast hits your ball python. The sky beast shocks your ball python.
Your ball python dies!
The sky beast flickers out of sight for a moment.
There is a stone staircase leading up here.
You barely miss the sky beast.
The sky beast is severely wounded.
The sky beast hits you.
* * * LOW HITPOINT WARNING * * *
The sky beast shocks you.
* * * LOW HITPOINT WARNING * * *
You scratch the sky beast.
The sky beast is severely wounded.
The sky beast hits you.
You die...

. .##.. .♣.#..#
♣.##..# ♣P##..#
..##..#
#P##..####### #
#.##........# .
####.##..#####.# .
#.@Y...........# .
#.####...####..###.
#.# #...# #.....$
#.# #.#.# #.#####
#.# #.#.# #.# #.#
#.#.# #.# #.#
#.#.#.....
#.####.........
#.............#


You could see a sky beast (invisible).

Vanquished Creatures
  A phantom (D:4)
  2 crimson imps
  An orc priest (D:4)
  2 orc wizards (D:3)
  2 bullfrog skeletons (D:4)
  Jessica (D:2)
  A centaur skeleton (D:3)
  An iguana (D:4)
  A worker ant (D:4)
  3 adders (D:3)
  5 oozes
  5 worms
  4 dart slugs
  4 leopard geckos
  11 orcs
  6 bats
  2 giant cockroaches
  7 goblins
  14 hobgoblins
  2 jackals (D:1)
  6 quokkas
  3 ball pythons
  6 frilled lizards
  8 kobolds
  4 rats
102 creatures vanquished.

Vanquished Creatures (collateral kills)
  An orc (D:4)
  A hobgoblin (D:2)
2 creatures vanquished.

Grand Total: 104 creatures vanquished

Notes
Turn   | Place    | Note
-------+----------+-------------------------------------------
     0 | D:1      | MisterOstroum the Felid Transmuter began the quest for the
                  | Orb.
     0 | D:1      | Reached XP level 1. HP: 10/10 MP: 4/4
   760 | D:1      | Reached XP level 2. HP: 14/14 MP: 6/6
  1100 | D:1      | Reached skill level 4 in Unarmed Combat
  1165 | D:1      | Learned a level 2 spell: Sticks to Snakes
  2043 | D:2      | Reached XP level 3. HP: 18/18 MP: 7/7
  2043 | D:2      | Noticed Jessica
  2947 | D:2      | Killed Jessica
  3176 | D:2      | Reached XP level 4. HP: 23/23 MP: 8/8
  3391 | D:2      | Found a runed door.
  3435 | D:2      | Learned a level 3 spell: Spider Form
  3573 | D:2      | Noticed Crazy Yiuf
  3887 | D:3      | Reached XP level 5. HP: 27/27 MP: 9/9
  4272 | D:3      | Found a shattered altar of Ashenzari.
  4502 | D:3      | Reached skill level 5 in Unarmed Combat
  4761 | D:3      | Gained mutation: You are dopey. (Int -2) [potion of
                  | mutation]
  4761 | D:3      | Gained mutation: You are partially covered in large bone
                  | plates. (SH +4) [potion of mutation]
  4761 | D:3      | Gained mutation: Your body sometimes deteriorates upon
                  | taking damage. [potion of mutation]
  4761 | D:3      | Gained mutation: You can translocate small distances at
                  | will. [potion of mutation]
  6018 | D:4      | Found a runed translucent door.
  6024 | D:4      | Reached skill level 1 in Poison Magic
  6024 | D:4      | Gained mutation: You are covered in thick fur. (AC +2)
                  | [Felid growth]
  6024 | D:4      | Reached XP level 6. HP: 32/32 MP: 9/11
  6024 | D:4      | Noticed a hippogriff
  6026 | D:4      | Lost mutation: You are dopey. (Int -2) [potion of mutation]
  6026 | D:4      | Lost mutation: Your body sometimes deteriorates upon taking
                  | damage. [potion of mutation]
  6026 | D:4      | Lost mutation: You are partially covered in large bone
                  | plates. (SH +4) [potion of mutation]
  6026 | D:4      | Gained mutation: You do not regenerate when monsters are
                  | visible. [potion of mutation]
  6026 | D:4      | Gained mutation: You are somewhat resistant to further
                  | mutation. [potion of mutation]
  6138 | D:4      | Noticed a phantom
  6161 | D:4      | Killed a phantom
  6633 | D:4      | Slain by a hippogriff
  6634 | D:4      | Reached XP level 5. HP: -1/29 MP: 7/10
  6651 | D:4      | Reached XP level 6. HP: 33/33 MP: 11/11
  6675 | D:4      | Learned a level 5 spell: Blade Hands
  7042 | D:4      | Found a shadowy altar of Dithmenos.
  7070 | D:5      | Entered Level 5 of the Dungeon
  7085 | D:5      | Found Suxkuzxius's Antique Weapon Emporium.
  7087 | D:5      | Noticed a sky beast
  7177 | D:5      | Slain by a sky beast

Skill      XL: |  1  2  3  4  5  6 |
---------------+-------------------+-----
Unarmed Combat | 4 5 |  5.0
Dodging        | 3 4 |  4.0
Fighting       | 2 3 4 |  4.4
Transmutations | 3 4 |  4.0
Poison Magic   | 1 |  1.2
Spellcasting   | 3 |  3.3

Action                   |  1- 3 |  4- 6 || total
-------------------------+-------+-------++-------
Melee: Unarmed           |   147 |   325 ||   472
       Headbutt          |     3 |    16 ||    19
       Bite              |    13 |    22 ||    35
       Punch             |     1 |     4 ||     5
 Cast: Beastly Appendage |     6 |    10 ||    16
       Sticks to Snakes  |     4 |    14 ||    18
       Spider Form       |       |     2 ||     2
  Use: Scroll            |       |     5 ||     5
       Potion            |       |     3 ||     3
 Stab: Sleeping          |     5 |     3 ||     8
       Distracted        |     1 |       ||     1
  Eat: Chunk             |    12 |     9 ||    21
Armor: Skin              |    11 |    11 ||    22
Dodge: Dodged            |   110 |   231 ||   341
Block: Other             |       |    13 ||    13
